 Dungeon Sprint DCSS version 0.30-a0-596-g0af90f9a20 (webtiles) character file.

Game seed: 5803475753483970468

7457 rocky1 the Earth Mage (level 10, -6/114 HPs)
             Began as a Deep Elf Earth Elementalist on Jan 7, 2023.
             Was a High Priest of Sif Muna.
             Mangled by a phantasmal warrior (13 damage)
             ... in the Dungeon (Sprint VII: "The Pits").
             The game lasted 00:15:13 (2579 turns).

rocky1 the Earth Mage (Deep Elf Earth Elementalist) Turns: 2579, Time: 00:15:13

Health: -6/114     AC: 30    Str:  5    XL:     10   Next: 94%
Magic:  12/30      EV: 15    Int: 32    God:    Sif Muna [*****.]
Gold:   0          SH:  0    Dex: 18    Spells: 3/37 levels left

rFire   . . .      SeeInvis .    n - +2 rapier of Dung {speed, Int+4}
rCold   . . .      Faith    .    (no shield)
rNeg    + . .      Spirit   .    (body armour currently unavailable)
rPois   ∞          Reflect  .    m - +0 helmet
rElec   +          Harm     .    (no cloak)
rCorr   .          Rampage  .    (gloves currently unavailable)
Will    .....      NoTele   +    (boots currently unavailable) Stlth
                                 (no amulet)
HPRegen 0.39/turn                j - +3 ring of intelligence
MPRegen 0.22/turn                g - +3 ring of dexterity

@: berserking, statue-form, weak-willed, invisible
A: slow and powerful, torment resistance 1, boosted hp
a: End Transformation, Renounce Religion, Channel Magic, Forget Spell, Divine
Exegesis


You were in the Dungeon.
You worshipped Sif Muna.
Sif Muna was extremely pleased with you.
You were a living statue of rough stone.
You visited 1 branch

Inventory:

Hand Weapons
 k - a +2 falchion
 n - the +2 rapier of Dung (weapon) {speed, Int+4}
   (You found it in the Dungeon)

   Int:       It affects your intelligence (+4).
Armour
 a - a +0 robe (melded)
 e - a +0 hat
 m - a +0 helmet (worn)
Jewellery
 g - a +3 ring of dexterity (right fist)
 j - a +3 ring of intelligence (left fist)
Scrolls
 i - 5 scrolls of amnesia
Potions
 b - 4 potions of magic
 c - 8 potions of curing
 d - 7 potions of heal wounds
 f - 2 potions of berserk rage
 l - 2 potions of might


   Skills:
 + Level 5.5 Fighting
 + Level 6.0 Dodging
 - Level 3.0 Stealth
 - Level 2.1 Unarmed Combat
 + Level 14.3 Spellcasting
 + Level 11.0 Conjurations
 - Level 10.6 Transmutations
 - Level 9.1 Fire Magic
 + Level 15.5 Earth Magic
 - Level 9.3 Invocations


You had 3 spell levels left.
You knew the following spells:

 Your Spells              Type           Power      Damage    Failure   Level
a - Sandblast             Erth           100%       2d20      0%          1
b - Stone Arrow           Conj/Erth      100%       3d13      1%          3
c - Petrify               Tmut/Erth      82%        N/A       1%          4
d - Fireball              Conj/Fire      36%        3d15      1%          5
e - Iron Shot             Conj/Erth      41%        9d8       1%          6
f - Statue Form           Tmut/Erth      54%        N/A       1%          6
g - Shatter               Erth           44%        3d34*     98%         9

Your spell library contained the following spells:

 Spells                   Type           Power      Damage    Failure   Level
 Passwall                 Tmut/Erth      68%        N/A       0%          2
 Foxfire                  Conj/Fire      100%       2x1d9     1%          1
 Kiss of Death            Conj/Necr      100%       2d13      1%          1
 Hailstorm                Conj/Ice       55%        3d12      1%          3
 Ensorcelled Hibernation  Hex/Ice        44%        N/A       3%          2
 Leda's Liquefaction      Hex/Erth       32%        N/A       1%          4
 Ice Form                 Ice/Tmut       54%        N/A       2%          4
 Starburst                Conj/Fire      36%        6d11      4%          6
 Cause Fear               Hex            11%        N/A       21%         4
 Summon Ice Beast         Ice/Summ       22%        N/A       21%         4
 Conjure Ball Lightning   Conj/Air       27%        3x3d8     30%         6
 Lehudib's Crystal Spear  Conj/Erth      41%        10d10     50%         8
 Discord                  Hex            11%        N/A       100%        8
 Disjunction              Tloc           11%        N/A       100%        8
 Polar Vortex             Ice            11%        N/A       100%        9


Dungeon Overview and Level Annotations

Branches:
Dungeon (1/1)

Altars:
Ashenzari
Cheibriados
Dithmenos
Elyvilon
Fedhas
Gozag
Hepliaklqana
Kikubaaqudgha
Makhleb
Nemelex Xobeh
Okawaru
Qazlal
Ru
Sif Muna
Trog
Uskayaw
Vehumet
Wu Jian
Xom
Yredelemnul
Zin
The Shining One
Jiyva
Lugonu


Message History

The smoke demon hits you but does no damage.
The smoke demon closely misses you.
The smoke demon hits you but does no damage.
The phantasmal warrior hits you.
* * * LOW HITPOINT WARNING * * *
The smoke demon gestures at you.
The sticky flame hits you but does no damage.
You are covered in liquid flames!
The phantasmal warrior hits you!
* * * LOW HITPOINT WARNING * * *
Unknown command.
You feel much better.
You are covered in liquid flames!
* * * LOW HITPOINT WARNING * * *
You are no longer on fire.
The smoke demon gestures at you. The ball of steam hits you!
* * * LOW HITPOINT WARNING * * *
The phantasmal warrior barely misses you.
The cyclops throws a large rock.
The large rock hits the smoke demon.
A red film seems to cover your vision as you go berserk!
You feel yourself moving faster!
You feel mighty! The smoke demon misses you. x2
The smoke demon barely misses you.
The phantasmal warrior is engulfed in a cloud of scalding steam.
The phantasmal warrior misses you.
The phantasmal warrior is engulfed in a cloud of scalding steam.
The phantasmal warrior closely misses you.
The smoke demon barely misses you. x2; The smoke demon closely misses you.
You are too berserk!
You hit the phantasmal warrior but do no damage.
The phantasmal warrior is severely damaged.
The smoke demon hits you but does no damage.
The smoke demon closely misses you. The smoke demon barely misses you.
The phantasmal warrior hits you but does no damage.
You hit the phantasmal warrior but do no damage.
The phantasmal warrior is severely damaged.
You puncture the phantasmal warrior!
The phantasmal warrior is almost destroyed.
The phantasmal warrior hits you!
You die...

'###### '###########
.....'..+...###
..)..)..+.....##
....##..##.....## #
..###....###....# .#
.##........###.### .#
'#...#..#...#§...#..#
............§§..83C.+
+#...#..#...#...W#..#
.##........###.### .#
..###....###....# .#
....##..##.....## #
.....+..'.....##
##...+..÷...###
############


You could see a cyclops (unable to see you), a phantasmal warrior and a smoke
demon (unable to see you).

Vanquished Creatures
  Gastronok (D)
  A hydra (D)
  A boulder beetle (D)
  A spriggan druid (D)
  A swamp dragon (D)
  A bog body (D)
  A wolf spider (D)
  A cyclops (D)
  An orange demon (D)
  A komodo dragon (D)
  A yaktaur (D)
  A hellwing (D)
  A tyrant leech (D)
  A polar bear (D)
  A snapping turtle (D)
  A flying skull (D)
  An air elemental (D)
  Eustachio (D)
  2 floating eyes (D)
  A black bear (D)
  A wolf (D)
  A gnoll sergeant (D)
  A scorpion (D)
  2 jellies (D)
  3 iron imps (D)
  Terence (D)
  7 gnolls (D)
  An adder (D)
  A river rat (D)
  An adder skeleton (D)
  3 ball pythons (D)
  3 endoplasms (D)
  2 giant cockroaches (D)
  A goblin (D)
  A ball python skeleton (D)
  A bat (D)
  A bat simulacrum (D)
  A frilled lizard (D)
  A rat (D)
54 creatures vanquished.

Vanquished Creatures (others)
  A moth of wrath (D)
1 creature vanquished.

Grand Total: 55 creatures vanquished

Notes
Turn   | Place    | Note
-------+----------+-------------------------------------------
     0 | D        | rocky1 the Deep Elf Earth Elementalist began the quest for
                  | the Orb.
     0 | D        | Reached XP level 1. HP: 10/10 MP: 6/6
    40 | D        | Found a bloodstained altar of Trog.
    40 | D        | Found a shimmering blue altar of Sif Muna.
    40 | D        | Found a viscous altar of Jiyva.
    40 | D        | Found a hazy altar of Hepliaklqana.
    40 | D        | Found an opulent altar of Gozag.
    41 | D        | Found a glowing golden altar of the Shining One.
    41 | D        | Found a glowing silver altar of Zin.
    41 | D        | Found a basalt altar of Yredelemnul.
    41 | D        | Found a shimmering altar of Xom.
    41 | D        | Found an ornate altar of the Wu Jian Council.
    41 | D        | Found a sacrificial altar of Ru.
    41 | D        | Found a stormy altar of Qazlal.
    41 | D        | Found an iron altar of Okawaru.
    41 | D        | Found a sparkling altar of Nemelex Xobeh.
    41 | D        | Found a burning altar of Makhleb.
    41 | D        | Found a blossoming altar of Fedhas.
    41 | D        | Found a white marble altar of Elyvilon.
    41 | D        | Found a shadowy altar of Dithmenos.
    41 | D        | Found a snail-covered altar of Cheibriados.
    43 | D        | Found a radiant altar of Vehumet.
    43 | D        | Found a corrupted altar of Lugonu.
    44 | D        | Found a hide-covered altar of Uskayaw.
    44 | D        | Found an ancient bone altar of Kikubaaqudgha.
    44 | D        | Found a broken altar of Ashenzari.
    50 | D        | Became a worshipper of Sif Muna the Loreminder
    73 | D        | Reached skill level 4 in Earth Magic
    80 | D        | Reached * piety under Sif Muna
    81 | D        | Reached skill level 5 in Earth Magic
    81 | D        | Reached XP level 2. HP: 15/15 MP: 3/9
   166 | D        | Noticed a scorpion
   168 | D        | Killed a scorpion
   168 | D        | Reached ** piety under Sif Muna
   169 | D        | Reached skill level 7 in Earth Magic
   169 | D        | Reached XP level 3. HP: 19/19 MP: 7/12
   169 | D        | Reached XP level 4. HP: 24/24 MP: 8/14
   228 | D        | Learned a level 3 spell: Stone Arrow
   233 | D        | Learned a level 4 spell: Petrify
   234 | D        | Noticed a wolf
   237 | D        | Noticed Terence
   245 | D        | Killed Terence
   245 | D        | Reached *** piety under Sif Muna
   246 | D        | Reached skill level 1 in Conjurations
   246 | D        | Reached skill level 8 in Earth Magic
   251 | D        | Killed a wolf
   252 | D        | Reached skill level 9 in Earth Magic
   252 | D        | Reached XP level 5. HP: 14/28 MP: 8/16
   254 | D        | Reached **** piety under Sif Muna
   541 | D        | Noticed an air elemental
   544 | D        | Killed an air elemental
   545 | D        | Reached skill level 10 in Earth Magic
   545 | D        | Reached skill level 5 in Invocations
   545 | D        | Reached XP level 6. HP: 16/32 MP: 14/19
   712 | D        | Reached skill level 5 in Transmutations
   712 | D        | Reached ***** piety under Sif Muna
   712 | D        | Received a gift from Sif Muna
   713 | D        | Reached skill level 5 in Conjurations
   934 | D        | Noticed a flying skull
   934 | D        | Noticed an orange demon
  1041 | D        | Learned a level 5 spell: Fireball
  1057 | D        | Killed a flying skull
  1058 | D        | Reached skill level 11 in Earth Magic
  1058 | D        | Reached XP level 7. HP: 36/36 MP: 19/22
  1065 | D        | HP: 1/36 [gnoll sergeant/+0 trident (14)]
  1073 | D        | Received a gift from Sif Muna
  1077 | D        | Got Sif Muna's Anthology of Gritty Algor {god gift}
  1090 | D        | Learned a level 6 spell: Iron Shot
  1097 | D        | Learned a level 6 spell: Statue Form
  1182 | D        | Killed an orange demon
  1183 | D        | Reached skill level 10 in Spellcasting
  1183 | D        | Reached XP level 8. HP: 34/41 MP: 10/24
  1230 | D        | Got the +2 rapier of Dung {speed, Int+4}
  1391 | D        | Noticed Eustachio
  1394 | D        | Killed Eustachio
  1395 | D        | Reached skill level 12 in Earth Magic
  1441 | D        | Noticed a four-headed hydra
  1441 | D        | Noticed a snapping turtle
  1524 | D        | Killed a snapping turtle
  1605 | D        | Killed a four-headed hydra
  1606 | D        | Reached skill level 13 in Earth Magic
  1606 | D        | Reached XP level 9. HP: 20/45 MP: 10/26
  1708 | D        | Noticed a tyrant leech
  1709 | D        | Noticed a boulder beetle
  1713 | D        | Killed a boulder beetle
  1714 | D        | Reached skill level 1 in Fighting
  1722 | D        | Killed a tyrant leech
  1722 | D        | Received a gift from Sif Muna
  1723 | D        | Reached skill level 14 in Earth Magic
  1723 | D        | Got Sif Muna's Spellbook of Remoulded Attacks {god gift}
  2083 | D        | Noticed a komodo dragon
  2086 | D        | Killed a komodo dragon
  2217 | D        | Noticed a bog body
  2217 | D        | Noticed a hellwing
  2220 | D        | Killed a hellwing
  2225 | D        | Killed a bog body
  2225 | D        | Received a gift from Sif Muna
  2226 | D        | Reached XP level 10. HP: 56/56 MP: 2/28
  2436 | D        | Noticed a spriggan druid
  2436 | D        | Noticed a cyclops
  2441 | D        | Killed a spriggan druid
  2445 | D        | Killed a cyclops
  2446 | D        | Reached skill level 10 in Conjurations
  2446 | D        | Reached skill level 10 in Transmutations
  2448 | D        | Noticed a swamp dragon
  2453 | D        | Noticed Gastronok
  2462 | D        | Killed a swamp dragon
  2462 | D        | HP: 2/74 [Gastronok/the air (30)]
  2463 | D        | Reached skill level 1 in Unarmed Combat
  2466 | D        | Received a gift from Sif Muna
  2467 | D        | Reached skill level 15 in Earth Magic
  2474 | D        | Killed Gastronok
  2487 | D        | Got Sif Muna's Folio of the Evil Eye and Hail {god gift}
  2528 | D        | Learned a level 9 spell: Shatter
  2557 | D        | Noticed a moth of wrath
  2559 | D        | Noticed a wolf spider
  2560 | D        | Noticed a smoke demon
  2562 | D        | Killed a wolf spider
  2563 | D        | Reached skill level 5 in Fighting
  2563 | D        | Reached skill level 5 in Dodging
  2564 | D        | Noticed a phantasmal warrior
  2570 | D        | Killed a moth of wrath
  2570 | D        | Noticed a cyclops
  2575 | D        | HP: 3/76 [smoke demon/ball of steam (15)]
  2579 | D        | Mangled by a phantasmal warrior

Illustrated notes

Levels and vault maps discovered:
D:        pitsprint [storerooms_1, entrance_room_1, metal_vault_4, armoury_1,
          mini_pit_1, grid_room_1, main_hall_1, silver_pit, the_coven_3,
          the_vestibule_1, steel_vault_5, golden_pit, hallway_of_sentries,
          crystal_vault_2, iron_vault_3, final_vault]

Skill      XL: |  1  2  3  4  5  6  7  8  9 10 |
---------------+-------------------------------+-----
Earth Magic    | 5 7 9 10 11 13 14 15 | 15.5
Spellcasting   | 4 6 7 8 9 10 11 12 14 | 14.3
Dodging        | 3 6 |  6.0
Stealth        | 3 |  3.0
Invocations    | 2 4 5 6 7 8 9 |  9.3
Conjurations   | 3 4 5 6 8 9 11 | 11.0
Transmutations | 3 4 6 8 9 10 | 10.6
Fire Magic     | 2 3 6 7 9 |  9.1
Fighting       | 3 5 |  5.5
Unarmed Combat | 2 |  2.1

Action                   |  1- 3 |  4- 6 |  7- 9 | 10-12 || total
-------------------------+-------+-------+-------+-------++-------
Melee: Rapier            |       |       |     3 |     7 ||    10
       Unarmed           |       |       |       |     3 ||     3
 Cast: Sandblast         |    10 |    23 |     5 |       ||    38
       Stone Arrow       |       |       |    40 |    21 ||    61
       Iron Shot         |       |       |     2 |    10 ||    12
       Statue Form       |       |       |     1 |     2 ||     3
Invok: Channel Magic     |       |       |       |     2 ||     2
  Use: Potion            |       |     1 |     3 |    11 ||    15
       Scroll            |       |     2 |       |       ||     2
Armor: Robe              |       |     4 |       |       ||     4
       Skin              |       |       |     1 |    63 ||    64
Dodge: Dodged            |     3 |    13 |    24 |    94 ||   134

Table legend: (Time is in decaauts)
 A = Elapsed time spent in this place.
 B = Non-inter-level travel time spent in this place.
 C = Inter-level travel time spent in this place.
 D = Time resting spent in this place.
 E = Time spent auto-exploring this place.
 F = Levels seen in this place.
 G = Mean time per level.
                   A        B        C        D        E       F      G
               +--------+--------+--------+--------+--------+-----+--------+
         Total |   2653 |   2591 |     62 |   1914 |      0 |   1 | 2653.0 |
       Dungeon |   2653 |   2591 |     62 |   1914 |      0 |   1 | 2653.0 |
               +--------+--------+--------+--------+--------+-----+--------+

Top non-repeatable levels by time:
       D: 2653 daAuts
